Map: Ephemeron LE

Players

soul - Winner!

  • Race: Terran Terran
  • League: Grandmaster
  • Spawn Location: 11:00

MarineLorD

  • Race: Terran Terran
  • League: Master
  • Spawn Location: 5:00

Event: NationWars 2019

VOD

Have the link to the VOD?

Description

Time

  • Played on: Nov. 17, 2019, 4:40 p.m.
  • Length: 16:31
Show
View Real Time Build Order
Export as new Build Order

soul Terran - Winner!

Build Orders: Gas First Reaper Expand 

Get SALT Encoding   

  12  0:00  SCV  
  13  0:12  SCV  
  14  0:17  Supply Depot  
  14  0:26  SCV  
  14  0:28  Refinery  
  15  0:38  SCV  
  16  0:45  Barracks  
  16  0:50  SCV  
  17  1:03  SCV  
  18  1:15  SCV  
  19  1:32  Orbital Command, Reaper  
  20  1:51  Command Center  
  20  1:58  SCV  
  21  2:02  Factory  
  21  2:06  Barracks Reactor  
  21  2:10  SCV  
  22  2:15  Supply Depot  
  22  2:23  Refinery  
  22  2:24  SCV  
  23  2:37  SCV  
  24  2:44  Marine x2  
  24  2:46  Starport  
  24  2:49  SCV  
  27  2:51  Factory Tech Lab  
  27  3:02  Marine x2  
  27  3:04  Orbital Command  
  29  3:07  SCV  
  30  3:16  Siege Tank  
  33  3:20  Marine  
  33  3:22  SCV  
  33  3:24  Starport Tech Lab  
  33  3:25  Refinery  
  35  3:30  SCV  
  35  3:34  SCV  
  37  3:42  SCV  
  37  3:44  Supply Depot, Marine  
  37  3:45  Marine  
  37  3:46  SCV  
  41  3:52  Raven  
  41  3:54  SCV  
  44  3:58  SCV  
  44  4:00  Supply Depot  
  45  4:03  Marine  
  45  4:06  SCV  
  45  4:09  Siege Tank  
  50  4:10  SCV  
  51  4:18  SCV  
  51  4:22  SCV  
  53  4:28  Command Center  
  53  4:30  SCV  
  54  4:34  SCV  
  54  4:35  Raven  
  55  4:42  SCV  
  55  4:45  Marine x2  
  56  4:46  SCV  
  56  4:51  Supply Depot  
  58  4:54  SCV  
  58  4:58  SCV  
  60  5:03  Supply Depot, Marine x2  
  62  5:13  SCV x2, Siege Tank  
  67  5:19  Barracks  
  67  5:21  Barracks  
  67  5:25  SCV x2  
  67  5:27  Supply Depot  
  69  5:28  Viking  
  69  5:29  Viking  
  69  5:32  Stimpack  
  73  5:37  SCV x2, Refinery  
  75  5:45  Orbital Command  
  75  5:47  Marine  
  75  5:49  SCV x2  
  78  5:56  Siege Tank  
  80  6:01  SCV x2  
  80  6:02  Viking x2  
  85  6:09  Barracks Reactor x2  
  85  6:13  SCV x2  
  85  6:14  Engineering Bay  
  85  6:17  Orbital Command  
  86  6:20  Engineering Bay  
  86  6:24  Marine  
  87  6:26  SCV x2  
  87  6:28  Siege Tank  
  92  6:35  Supply Depot  
  92  6:36  Supply Depot  
  92  6:38  SCV x2  
  96  6:42  Marine  
  96  6:44  SCV  
  98  6:48  Marine x3  
  98  6:54  Terran Infantry Weapons Level 1, Terran Infantry Armor Level 1  
  101  6:56  SCV x2  
  101  6:57  Marine  
  101  6:58  Supply Depot x2  
  101  7:00  Siege Tank, Medivac, Marine  
  108  7:03  SCV  
  108  7:06  Marine x3  
  111  7:08  SCV  
  111  7:09  Medivac  
  111  7:12  SCV  
  111  7:14  Marine  
  111  7:15  SCV  
  117  7:17  Refinery  
  117  7:20  SCV, Refinery, Marine  
  117  7:22  Supply Depot x2  
  119  7:24  Combat Shield, SCV, Marine x3  
  119  7:27  SCV  
  119  7:29  Supply Depot  
  124  7:32  SCV, Marine  
  126  7:37  Medivac, Marine  
  126  7:38  SCV  
  126  7:42  Marine x3  
  126  7:43  Siege Tank  
  136  7:45  SCV  
  136  7:50  Marine  
  138  7:52  Medivac  
  138  7:53  Barracks  
  138  7:54  Barracks  
  138  7:55  SCV, Marine  
  142  7:59  Marine x2  
  142  8:00  Supply Depot x2, Marine  
  142  8:03  SCV  
  144  8:13  Armory  
  144  8:16  Marine  
  145  8:20  Sensor Tower  
  145  8:22  Siege Tank, Command Center  
  151  8:27  Factory  
  151  8:31  Supply Depot  
  151  8:33  Supply Depot  
  151  8:36  Marine  
  149  8:44  Starport  
  149  8:45  Barracks Reactor, Concussive Shells, Starport, Barracks Tech Lab  
  149  8:49  Barracks Tech Lab  
  149  8:50  Barracks Tech Lab  
  149  8:51  Viking x2  
  153  9:01  Armory, Terran Ship Weapons Level 1  
  153  9:05  SCV x3  
  156  9:13  Factory Tech Lab  
  156  9:17  SCV, Refinery  
  156  9:18  SCV x2  
  156  9:21  Viking, Refinery  
  156  9:23  Viking x3  
  167  9:25  Viking  
  168  9:34  Viking  
  168  9:38  Planetary Fortress  
  170  9:51  Command Center  
  170  9:52  Viking  
  172  9:55  Viking  
  174  10:01  Viking  
  174  10:03  Terran Vehicle And Ship Armor Level 1  
  176  10:08  Missile Turret  
  176  10:12  Viking x3  
  171  10:22  Viking  
  171  10:26  Viking  
  174  10:28  Missile Turret  
  167  10:37  Marine  
  161  10:43  Marine  
  161  10:45  Liberator x2  
  161  10:46  Liberator  
  150  10:58  Terran Ship Weapons Level 2  
  150  11:03  Viking x2  
  153  11:06  Starport  
  153  11:10  Fusion Core, Planetary Fortress  
  153  11:11  Command Center  
  153  11:22  Terran Infantry Armor Level 2, Terran Infantry Weapons Level 2  
  153  11:23  Refinery  
  153  11:25  Viking  
  155  11:37  SCV x3  
  155  11:39  Refinery  
  158  11:42  Marauder x3  
  158  11:43  Marauder  
  166  11:50  Starport Tech Lab  
  165  11:56  Command Center  
  165  12:00  Viking x3  
  171  12:03  Viking  
  171  12:06  Viking  
  173  12:12  Viking  
  175  12:17  Terran Vehicle And Ship Armor Level 2  
  175  12:21  Marauder  
  175  12:22  Marauder x2  
  181  12:23  Viking  
  181  12:29  Advanced Ballistics  
  183  12:34  Orbital Command, Starport  
  183  12:37  Supply Depot  
  183  12:41  Liberator x6  
  200  13:05  Marauder  
  200  13:18  Liberator  
  200  13:28  Liberator x2  
  191  13:34  SCV  
  191  13:35  SCV x3  
  198  13:46  Liberator x3  
  198  13:48  Viking  
  192  13:56  Marauder, Marine  
  192  13:57  Orbital Command  
  192  14:00  Liberator  
  178  14:22  SCV x4  
  179  14:27  Command Center  
  185  14:32  Marine  
  185  14:33  Marauder  
  185  14:34  SCV x3  
  186  14:49  Marine  
  186  14:51  Marauder, Marine  
  181  14:54  Marauder x3  
  181  14:55  SCV x4  
  188  15:01  Viking  
  188  15:02  Liberator, Viking x5  
  185  15:07  SCV x4, Marine  
  185  15:12  Marauder  
  192  15:19  SCV x2  
  197  15:23  Marine  
  197  15:24  Marauder  
  197  15:25  Marauder, Marine  
  192  15:35  SCV x2, Marine  
  192  15:36  Marauder  
  195  15:44  Siege Tank  
  195  15:47  Planetary Fortress  
  195  15:48  SCV  
  195  15:49  Marauder  
  197  15:52  Marauder  
  197  15:56  SCV  
  195  16:02  Supply Depot  
Show
View Real Time Build Order
Export as new Build Order

MarineLorD Terran 

Build Orders: Gas First Reaper Expand, Mech 

Get SALT Encoding   

  12  0:00  SCV  
  13  0:12  SCV  
  14  0:17  Supply Depot  
  14  0:24  SCV  
  15  0:30  Refinery  
  15  0:38  SCV  
  16  0:44  Barracks  
  16  0:50  SCV  
  17  1:03  SCV  
  18  1:15  SCV  
  19  1:30  Orbital Command  
  19  1:31  Reaper  
  20  1:49  Command Center  
  20  1:57  SCV  
  21  2:01  Factory  
  21  2:08  Barracks Reactor  
  21  2:09  SCV  
  21  2:15  Supply Depot  
  22  2:18  Refinery  
  22  2:21  SCV  
  24  2:37  SCV  
  24  2:44  Marine x2  
  24  2:46  Starport  
  24  2:49  SCV, Widow Mine  
  29  3:02  Orbital Command, Marine x2  
  29  3:04  SCV  
  32  3:13  Factory Tech Lab  
  32  3:17  SCV  
  32  3:18  Refinery  
  33  3:21  Marine x2  
  35  3:27  SCV  
  35  3:29  SCV  
  37  3:35  Supply Depot  
  37  3:37  Raven  
  37  3:38  Factory Tech Lab  
  37  3:39  SCV  
  40  3:42  SCV  
  40  3:44  Marine x2  
  43  3:52  SCV  
  43  3:53  Supply Depot  
  43  3:54  SCV  
  45  3:58  Siege Tank  
  48  4:04  SCV  
  48  4:06  SCV  
  48  4:07  Supply Depot  
  50  4:11  Marine x2  
  50  4:16  SCV  
  53  4:19  SCV  
  53  4:20  Raven  
  56  4:28  SCV  
  57  4:31  SCV  
  57  4:33  Siege Tank  
  61  4:40  SCV  
  61  4:43  SCV  
  61  4:44  Marine x2  
  64  4:49  Command Center  
  64  4:50  Refinery  
  64  4:54  SCV, Supply Depot  
  64  4:55  SCV  
  66  5:03  Supply Depot  
  66  5:04  Supply Depot  
  66  5:08  Siege Tank  
  66  5:10  SCV  
  70  5:16  SCV  
  70  5:18  Viking  
  73  5:22  Viking  
  73  5:26  SCV  
  73  5:27  Marine  
  73  5:28  SCV  
  78  5:38  SCV  
  78  5:40  SCV, Siege Tank  
  83  5:48  Viking  
  85  5:50  SCV  
  85  5:51  Marine  
  85  5:52  SCV, Viking  
  90  6:02  SCV  
  91  6:04  SCV  
  91  6:10  Refinery  
  91  6:12  Refinery  
  91  6:13  Armory, Marine  
  91  6:14  Armory  
  91  6:15  SCV  
  91  6:16  SCV  
  91  6:17  Siege Tank  
  97  6:24  Viking  
  99  6:27  SCV  
  99  6:29  SCV  
  99  6:31  Viking  
  103  6:39  SCV  
  104  6:41  SCV  
  105  6:49  Supply Depot x3, Siege Tank  
  105  6:51  SCV  
  109  7:01  Supply Depot  
  109  7:02  Terran Vehicle Weapons Level 1  
  109  7:03  Terran Vehicle And Ship Armor Level 1, Supply Depot  
  109  7:08  Barracks Reactor  
  109  7:10  Orbital Command, SCV x2  
  109  7:15  Viking  
  113  7:20  Viking  
  113  7:22  SCV  
  116  7:24  Engineering Bay, SCV  
  116  7:28  Siege Tank  
  120  7:34  SCV  
  120  7:36  SCV  
  122  7:40  SCV  
  122  7:42  Supply Depot  
  122  7:43  Supply Depot  
  123  7:51  Factory x2  
  124  7:52  Medivac  
  124  7:53  Medivac  
  127  7:59  Command Center  
  127  8:03  Sensor Tower  
  127  8:06  Supply Depot  
  125  8:14  Siege Tank  
  125  8:18  Factory  
  125  8:19  Factory  
  128  8:23  Missile Turret x3  
  127  8:27  Missile Turret x2  
  127  8:30  Viking x2  
  131  8:36  Siege Tank  
  131  8:37  Infernal Pre-Igniter, Hellion x2  
  138  8:41  SCV  
  138  8:42  SCV x2  
  138  8:46  Siege Tank  
  144  8:56  SCV x2  
  144  8:57  Missile Turret  
  144  9:00  Viking x2  
  150  9:05  Factory Tech Lab  
  150  9:06  Factory Reactor  
  150  9:08  Hellbat, Hellion  
  150  9:09  Siege Tank  
  155  9:10  Terran Vehicle Weapons Level 2  
  153  9:20  Hellion  
  153  9:23  Terran Vehicle And Ship Armor Level 2  
  155  9:25  Command Center  
  155  9:26  Missile Turret x2, Command Center  
  155  9:29  Hellbat  
  155  9:30  Siege Tank  
  160  9:34  Viking  
  160  9:37  Viking  
  164  9:44  Hellion x2, Hellbat x2  
  164  9:45  Hellion  
  170  9:49  Supply Depot  
  170  9:50  Supply Depot  
  170  9:51  Hellbat  
  172  10:04  Viking  
  172  10:07  Viking  
  172  10:12  Hellion  
  177  10:19  Command Center  
  177  10:20  Command Center  
  177  10:34  Viking  
  176  10:36  Viking  
  176  10:39  Thor x3  
  171  11:00  Hellion x3  
  171  11:04  Viking  
  165  11:06  Viking  
  167  11:15  Orbital Command  
  167  11:19  Hellion, Hellbat x3  
  167  11:22  Thor x2  
  167  11:25  Smart Servos  
  187  11:35  Orbital Command  
  187  11:40  Planetary Fortress  
  187  11:41  Refinery  
  187  11:42  Missile Turret, Sensor Tower  
  187  11:44  Missile Turret  
  187  11:45  Missile Turret, Refinery  
  185  11:58  Terran Vehicle Weapons Level 3  
  185  11:59  Missile Turret x2  
  185  12:00  Terran Vehicle And Ship Armor Level 3  
  185  12:07  Viking  
  183  12:08  Viking  
  185  12:24  Planetary Fortress  
  185  12:27  Missile Turret x2  
  185  12:28  Command Center  
  185  12:33  Hi-Sec Auto Tracking  
  185  12:37  Refinery  
  185  12:39  Sensor Tower  
  185  12:40  Refinery  
  185  12:42  Viking  
  187  12:59  Missile Turret x2  
  187  13:00  Missile Turret  
  187  13:06  Missile Turret  
  187  13:11  Viking x2  
  191  13:15  Missile Turret  
  191  13:19  Missile Turret  
  189  13:20  Missile Turret  
  188  13:41  Viking  
  187  13:50  Thor x2  
  197  14:00  Thor  
  175  14:04  Hellion x3  
  151  14:14  Hellion x3  
  140  14:33  Thor x2  
  140  14:36  Terran Ship Weapons Level 1  
  152  14:39  Barracks  
  152  14:41  SCV, Command Center  
  152  14:42  SCV x2  
  152  14:43  Siege Tank  
  158  14:48  SCV x2  
  153  14:58  SCV x2  
  151  15:01  SCV x2  
  149  15:10  Hellion x2  
  149  15:13  Hellion x3  
  144  15:15  Thor  
  144  15:16  Thor x2  
  144  15:17  SCV  
  144  15:20  SCV x2  
  162  15:22  SCV x2  
  162  15:28  Hellion x2  
Tags
 
Add a new tag
Caveats
  • Supply blocks, unpowered buildings, or Contaminate may cause inaccurate times.
  • Supply counts are checked every 10 seconds.